Map: Orbital Shipyard

Players

capac

  • Race: Terran Terran
  • League: Gold

Dude - Winner!

  • Race: Protoss Protoss
  • League: Gold

VOD

Have the link to the VOD?

Description

Time

  • Played on: March 6, 2016, 8:55 a.m.
  • Length: 6:19
Show
View Real Time Build Order
Export as new Build Order

capac Terran 

Build Orders:  

Get SALT Encoding   

  12  0:01  SCV  
  13  0:13  SCV  
  14  0:18  Supply Depot  
  14  0:25  SCV  
  15  0:39  SCV  
  15  0:40  Barracks  
  16  0:45  Refinery  
  16  0:51  SCV  
  17  1:03  SCV  
  18  1:15  SCV  
  19  1:28  SCV  
  19  1:29  Barracks Reactor  
  20  1:36  Command Center  
  20  1:40  SCV  
  20  1:46  Supply Depot  
  21  2:00  Orbital Command  
  21  2:05  Marine x2  
  23  2:16  Barracks  
  23  2:23  Marine x2  
  23  2:28  SCV  
  26  2:39  Factory  
  26  2:40  SCV  
  27  2:45  Refinery  
  27  2:47  Marine  
  27  2:48  Marine  
  29  2:56  SCV  
  30  3:02  Orbital Command  
  30  3:06  Barracks Tech Lab  
  30  3:07  Marine x2  
  30  3:12  SCV  
  33  3:24  SCV  
  34  3:33  Marine x2  
  36  3:34  Factory Tech Lab  
  36  3:36  Starport  
  36  3:43  SCV  
  36  3:44  SCV  
  38  3:59  Stimpack  
  38  4:00  Siege Tank  
  38  4:02  Marine x2  
  43  4:03  Bunker  
  43  4:05  Marauder  
  43  4:07  SCV  
  46  4:14  Supply Depot  
  46  4:19  Barracks, Starport Reactor  
  46  4:23  SCV  
  43  4:46  Supply Depot  
  38  5:00  Marine  
  38  5:01  Marine  
  38  5:05  SCV x2  
  37  5:07  Siege Tank  
  37  5:10  Marine  
  38  5:23  Marine  
  38  5:26  Marine  
  37  5:39  Marine  
  37  5:41  Marine  
  29  5:53  SCV x2  
  29  5:56  Marine  
Show
View Real Time Build Order
Export as new Build Order

Dude Protoss - Winner!

Build Orders:  

Get SALT Encoding   

  12  0:01  Probe (Chrono Boost)  
  13  0:12  Probe (Chrono Boost)  
  14  0:18  Pylon  
  14  0:22  Probe (Chrono Boost)  
  15  0:36  Gateway  
  15  0:42  Probe (Chrono Boost)  
  16  0:53  Probe (Chrono Boost)  
  16  0:54  Assimilator  
  16  0:56  Assimilator  
  17  1:03  Probe (Chrono Boost)  
  18  1:14  Probe (Chrono Boost)  
  18  1:16  Gateway  
  19  1:24  Probe (Chrono Boost)  
  20  1:32  Cybernetics Core  
  20  1:35  Probe (Chrono Boost)  
  21  1:44  Pylon  
  21  2:02  Pylon  
  21  2:09  Warp Gate (Chrono Boost)  
  21  2:10  Adept x2  
  25  2:20  Gateway  
  25  2:30  Gateway  
  25  2:39  Gateway  
  25  2:46  Adept x2  
  29  2:55  Pylon  
  29  3:00  Pylon  
  29  3:08  Adept  
  31  3:14  Adept  
  33  4:00  Stalker x2  
  33  4:01  Stalker  
  33  4:02  Stalker x2  
  43  4:33  Zealot x5  
  41  5:08  Stalker x4  
  41  5:09  Stalker  
  34  5:47  Zealot x3  
  34  5:48  Zealot x2  
Tags
 
Add a new tag
Caveats
  • Supply blocks, unpowered buildings, or Contaminate may cause inaccurate times.
  • Supply counts are checked every 10 seconds.